 Dungeon Crawl Stone Soup version 0.29.1-15-g9cfb28693d (console) character file.

Game seed: 2388396723295871002

79 erker the Shooter (level 4, 0/28 HPs)
             Began as an Octopode Arcane Marksman on Apr 18, 2023.
             Slain by a gnoll
             ... wielding a +0 flail
              (8 damage)
             ... on level 2 of the Dungeon.
             The game lasted 00:06:38 (2314 turns).

erker the Shooter (Octopode Arcane Marksman)        Turns: 2314, Time: 00:06:39

Health: 0/28       AC:  1    Str:  9    XL:     4   Next: 37%
Magic:  0/5        EV: 13    Int: 32    God:
Gold:   92         SH:  0    Dex: 12    Spells: 0/5 levels left

rFire   . . .      SeeInvis .   b - +1 hammer {vorpal, rC+ Int+9}
rCold   + . .      Faith    .   (no shield)
rNeg    . . .      Spirit   .   (helmet restricted)
rPois   .          Reflect  .   (no amulet)
rElec   .          Harm     .   o - +6 ring of intelligence
rCorr   .          Rampage  .   (no ring)
Will    .....                   (no ring)
Stlth   ++........              (no ring)
HPRegen 0.09/turn               (no ring)
MPRegen 0.09/turn               (no ring)
                                (no ring)
                                (no ring)

@: very slightly contaminated
A: almost no armour, amphibious, 8 rings, camouflage 1, gelatinous body 1,
(nimble swimmer 1), tentacles
a: no special abilities


You were on level 2 of the Dungeon.
You visited 1 branch of the dungeon, and saw 2 of its levels.

You collected 92 gold pieces.

Inventory:

Hand Weapons
 a - a +1 sling of flaming
 b - the +1 hammer of the Endless Quests (weapon) {vorpal, rC+ Int+9}
   (You found it on level 2 of the Dungeon)

   It inflicts extra damage upon your enemies.
   Int:       It affects your intelligence (+9).
   rC:        It protects you from cold.
 k - the +7 hammer of Nemelex Xobeh {protect, *Corrode +Blink rC+ rN+}
   (You found it on level 2 of the Dungeon)

   It grants its wielder temporary protection when it strikes (+7 to AC).
   rC:        It protects you from cold.
   rN:        It protects you from negative energy.
   +Blink:    It lets you blink.
   *Corrode:  It may corrode you when you take damage.
 l - a +1 hammer of protection
 m - the +7 hammer "Edocw" {vorpal, rF+ Str+6}
   (You found it on level 2 of the Dungeon)

   It inflicts extra damage upon your enemies.
   Str:       It affects your strength (+6).
   rF:        It protects you from fire.
Missiles
 d - 4 poisoned darts
Jewellery
 o - a +6 ring of intelligence (left tentacle)
Scrolls
 c - a scroll of enchant armour {unknown}
 e - 3 scrolls of immolation {unknown}
 h - a scroll of identify {unknown}
 i - 2 scrolls of amnesia {unknown}
 j - a scroll of poison
 n - 2 scrolls of fear {unknown}
 p - a scroll of butterflies {unknown}
 q - a scroll of noise {unknown}
Potions
 f - 2 potions of flight {unknown}
 g - 3 potions of curing


   Skills:
 - Level 1.0 Fighting
 * Level 3.8 Ranged Weapons
 - Level 2.0 Dodging
 - Level 1.0 Spellcasting
 + Level 3.7 Hexes


You couldn't memorise any spells.
You knew the following spells:

 Your Spells              Type           Power      Damage    Failure   Level
a - Slow                  Hex            100%       N/A       1%          1
f - Cause Fear            Hex            12%        N/A       16%         4

Your spell library contained the following spells:

 Spells                   Type           Power      Damage    Failure   Level
 Inner Flame              Hex/Fire       13%        N/A       11%         3
 Portal Projectile        Hex/Tloc       26%        N/A       11%         3


Dungeon Overview and Level Annotations

Branches:
Dungeon (2/15)

Altars:

Annotations:
D:2 1 runed translucent door, Crazy Yiuf


Innate Abilities, Weirdness & Mutations

You cannot wear most types of armour.
You are amphibious.
You can wear up to eight rings at the same time.
Your skin changes colour to match your surroundings (Stealth+).
Your rubbery body absorbs attacks. (AC +1, EV +1)
((You are camouflaged when in or above water. (Stealth+)))
You have tentacles for arms and can constrict up to eight enemies at once.


Message History

The sling bullet burns the gnoll.
The gnoll is severely wounded.
The gnoll hits you with a +0 whip!
You shoot a sling bullet. The sling bullet hits the gnoll.
The sling bullet burns the gnoll.
The gnoll is almost dead.
The gnoll misses you.
You shoot a sling bullet.
The sling bullet barely misses the gnoll.
You shoot a sling bullet. The sling bullet hits the gnoll.
The sling bullet burns the gnoll.
You kill the gnoll!
Your +1 sling of flaming stops flaming.
You feel clever.
b - the +1 hammer of the Endless Quests (weapon)
{vorpal, rC+ Int+9}
Casting: Slow (safe; 1% risk of failure)
Confirm with . or Enter, or press ? or * to list all spells.
The spell is extremely dangerous to miscast (16% risk of failure)!
Continue anyway?
Okay, then.
Casting: Cause Fear (extremely dangerous; 16% risk of failure)
Confirm with . or Enter, or press ? or * to list all spells.
The spell is extremely dangerous to miscast (16% risk of failure)!
Continue anyway?
Casting: Cause Fear (extremely dangerous; 16% risk of failure)
Press: ? - help, Dir - look around, f - activate The gnoll looks frightened!
A worm comes into view.
Things that are here:
a +0 whip; a gnoll corpse The gnoll shouts!
The gnoll attacks as you move away! The gnoll hits you with a +0 flail!
* * * LOW HITPOINT WARNING * * *
Casting: Cause Fear (extremely dangerous; 16% risk of failure)
Confirm with . or Enter, or press ? or * to list all spells.
Aiming: Slow (safe; 1% risk of failure)
Press: ? - help, Shift-Dir - straight line, f - gnoll
Aim: a gnoll, wielding a +0 flail (chance to affect: 72%)
You miscast Slow.
You are very lightly contaminated with residual magic.
Nothing appears to happen.
The gnoll hits you with a +0 flail!
You die...

.......# ...# .g.....#
..# .......# .w#
#.###### #.# #.# #.#
#g####################w#
#.............##.......#
########.......#g#.#####
#.####..#@#.#
#####.#.....#.#.#
#...#...#.......# ###
####...#########.#.# #..
.......'........[#.# #.#
####...###########.# #.#
# #...# #.# #.##### #
#†..# #.####.....# #
#...# #..........####.


You could see a gnoll.

Vanquished Creatures
  Jessica (D:2)
  A gnoll (D:2)
  2 adders (D:2)
  2 worms
  A ball python (D:1)
  2 bats
  An endoplasm (D:1)
  2 goblins
  2 hobgoblins
  A quokka (D:1)
  A frilled lizard (D:1)
  5 kobolds (D:1)
  A rat (D:2)
22 creatures vanquished.

Notes
Turn   | Place    | Note
-------+----------+-------------------------------------------
     0 | D:1      | erker the Octopode Arcane Marksman began the quest for the
                  | Orb.
     0 | D:1      | Reached XP level 1. HP: 13/13 MP: 2/2
    27 | D:1      | Found a faded altar of an unknown god.
   159 | D:1      | Reached XP level 2. HP: 10/18 MP: 3/3
  1116 | D:2      | Found a runed translucent door.
  1118 | D:2      | Identified the +1 hammer of the Endless Quests {vorpal, rC+
                  | Int+9}
  1120 | D:2      | Noticed Crazy Yiuf
  1122 | D:2      | Identified the +7 hammer of Nemelex Xobeh {protect,
                  | *Corrode +Blink rC+ rN+}
  1151 | D:2      | Identified the +7 hammer "Edocw" {vorpal, rF+ Str+6}
  1331 | D:2      | Noticed Jessica
  1338 | D:2      | Killed Jessica
  1339 | D:2      | Reached XP level 3. HP: 23/23 MP: 2/4
  1837 | D:2      | Reached XP level 4. HP: 28/28 MP: 3/5
  1842 | D:2      | Learned a level 4 spell: Cause Fear
  2314 | D:2      | Slain by a gnoll

Illustrated notes

Levels and vault maps discovered:
D:1:      minmay_arrival_four_circles, layout_basic,
          ebering_ecumenical_altar_petrified
D:2:      layout_basic, grunt_ministairs_1, kennysheep_generic_room_16,
          uniq_robin, uniq_jessica, uniq_crazy_yiuf_cottage

Skill      XL: |  1  2 |
---------------+-------+-----
Ranged Weapons | 3 |  3.8
Fighting       | |  1.0
Dodging        | |  2.0
Spellcasting   | |  1.0
Hexes          | |  3.7

Action                   |  1- 3 |  4- 6 || total
-------------------------+-------+-------++-------
 Fire: Sling             |    81 |    23 ||   104
 Cast: Slow              |    16 |     4 ||    20
       Cause Fear        |       |     2 ||     2
Armor: Skin              |     4 |       ||     4
Dodge: Dodged            |    22 |     4 ||    26
